 Dungeon Crawl Stone Soup version 0.23.0 (webtiles) character file.

Game seed: 9475475144283329348

469 Borgoz the Skirmisher (level 7, -15/61 HPs)
             Began as a Ghoul Monk on Feb 18, 2019.
             Killed by divine providence
             ... invoked by an orc priest
              (16 damage)
             ... on level 3 of the Dungeon.
             The game lasted 00:08:30 (2346 turns).

Borgoz the Skirmisher (Ghoul Monk)                  Turns: 2346, Time: 00:08:31

Health: -15/61     AC:  4    Str: 14 (15) XL:     7   Next: 9%
Magic:  6/6        EV: 13    Int:  1 (6)  God:
Gold:   92         SH:  0    Dex: 10 (12) Spells: 6/6 levels left

rFire    . . .     SeeInvis .   f - +1 short sword (venom)
rCold    + . .     Gourm    .   (no shield)
rNeg     + + +     Faith    .   b - +0 robe
rPois    ∞         Spirit   .   (no helmet)
rElec    .         Reflect  .   (no cloak)
rCorr    .         Harm     .   (no gloves)
MR       .....                  h - +1 pair of boots
Stlth    ++........             (no amulet)
HPRegen  0.00/turn              (no ring)
MPRegen  0.10/turn              (no ring)

@: flying, rotting
A: rotting body, claws 1, carnivore, cold resistance 1, negative energy
resistance 3, inhibited regeneration, torment resistance, unbreathing
a: no special abilities


You were on level 3 of the Dungeon.
You were not hungry.

You visited 1 branch of the dungeon, and saw 3 of its levels.

You collected 92 gold pieces.

Inventory:

Hand Weapons
 f - a +1 short sword of venom (weapon)
Armour
 b - a +0 robe (worn)
 h - a +1 pair of boots (worn)
Scrolls
 i - a scroll of remove curse
Potions
 j - a potion of agility
Comestibles
 c - 3 rations
 n - 2 chunks of flesh


   Skills:
 * Level 5.2 Fighting
 * Level 4.1 Short Blades
 + Level 1.8 Armour
 * Level 4.3 Dodging
 + Level 3.5 Stealth


You had 6 spell levels left.
You didn't know any spells.
Your spell library was empty.

Dungeon Overview and Level Annotations

Branches:
Dungeon (3/15)

Altars:


Innate Abilities, Weirdness & Mutations

Your body is rotting away.
You thrive on raw meat.
You are immune to poison.
You have sharp fingernails.
You are carnivorous and can eat meat at any time.
Your flesh is cold resistant. (rC+)
You are immune to negative energy. (rN+++)
You do not regenerate when monsters are visible.
You are immune to unholy pain and torment.
You can survive without breathing.


Message History

The orc priest mumbles some strange prayers to Beogh against you.
Beogh smites you!
* * * LOW HITPOINT WARNING * * *
Unknown command.
You feel better.
The orc priest calls down the wrath of Beogh upon you.
Beogh smites you!
* * * LOW HITPOINT WARNING * * *
The orc priest hits you but does no damage.
The orc hits you.
* * * LOW HITPOINT WARNING * * *
It was a potion of flight.
You feel very buoyant.
You fly up into the air.
You kill the orc priest!
You feel your dexterity returning. The orc barely misses you.
The orc priest calls down the wrath of Beogh upon you.
Beogh smites you!
You die...

##.###...# ### #...#
#...# ## #...# ..
#...#### #. #....... #.
########....###
..####o###..............
.....oo@................
......)###..............
....... .#######.......
....... . #...####
###.... #. #...# #.##.
#. #...# #. #. #.
######...# . ..
#........# #.####...#


You could see an orc priest and 2 orcs.

Vanquished Creatures
  Sigmund (D:2)
  A water moccasin (D:2)
  An orc priest (D:3)
  Natasha (twice) (D:2)
  Jessica (D:2)
  A gnoll (D:1)
  2 adders (D:3)
  A worm (D:2)
  A dart slug (D:2)
  A leopard gecko (D:2)
  2 giant cockroaches
  8 goblins
  10 hobgoblins
  7 jackals
  2 quokkas (D:2)
  2 ball pythons
  2 bats
  4 frilled lizards
  13 kobolds
  6 rats
68 creatures vanquished.

Notes
Turn   | Place    | Note
-------+----------+-------------------------------------------
     0 | D:1      | Borgoz the Ghoul Monk began the quest for the Orb.
     0 | D:1      | Reached XP level 1. HP: 19/19 MP: 0/0
   218 | D:1      | Reached XP level 2. HP: 23/26 MP: 1/1
   500 | D:1      | Reached XP level 3. HP: 28/33 MP: 2/2
   957 | D:2      | Reached skill level 4 in Fighting
  1064 | D:2      | Reached XP level 4. HP: 38/40 MP: 3/3
  1065 | D:2      | Noticed Natasha
  1073 | D:2      | Killed Natasha
  1329 | D:2      | Noticed Sigmund
  1335 | D:2      | Noticed Jessica
  1348 | D:2      | Killed Jessica
  1348 | D:2      | Reached skill level 1 in Armour
  1348 | D:2      | Reached XP level 5. HP: 27/46 MP: 4/4
  1350 | D:2      | Killed Sigmund
  1350 | D:2      | Reached XP level 6. HP: 33/55 MP: 5/5
  1541 | D:2      | Noticed a water moccasin
  1541 | D:2      | Noticed Natasha
  1555 | D:2      | Killed a water moccasin
  1555 | D:2      | Reached skill level 5 in Fighting
  1715 | D:2      | Killed Natasha
  2323 | D:3      | Reached XP level 7. HP: 55/59 MP: 6/6
  2345 | D:3      | HP: 2/61 [orc priest/divine providence (15)]
  2346 | D:3      | Killed from afar by an orc priest

Skill      XL: |  1  2  3  4  5  6 |
---------------+-------------------+-----
Dodging        | 3 4 |  4.3
Short Blades   | 3 4 |  4.1
Fighting       | 4 5 |  5.2
Armour         | 1 |  1.8
Stealth        | 3 |  3.5

Action                   |  1- 3 |  4- 6 |  7- 9 || total
-------------------------+-------+-------+-------++-------
Melee: Short sword       |   132 |    92 |     6 ||   230
  Use: Potion            |       |     4 |     2 ||     6
       Scroll            |       |       |     3 ||     3
 Stab: Sleeping          |     4 |     4 |       ||     8
       Distracted        |     1 |       |       ||     1
  Eat: Chunk             |    11 |     6 |     1 ||    18
Armor: Robe              |    19 |    19 |     4 ||    42
Dodge: Dodged            |    88 |    63 |     4 ||   155
